 Dungeon Sprint DCSS version 0.22.0-16-gc6d26f6 (webtiles) character file.

6800000 poirepourri the Middleweight Champion (level 27, -22/273 HPs)
             Began as a Ghoul Gladiator on Aug 17, 2018.
             Was the Champion of Makhleb.
             Annihilated by a destroyer
             ... wielding a +9 great sword of slicing
              (198 damage)
             ... in the Dungeon (Sprint VIII: "Arena of Blood").
             The game lasted 00:01:27 (68 turns).

poirepourri the Middleweight Champion (GhGl)          Turns: 68, Time: 00:01:28

Health: -22/273    AC:  8    Str: 22    XL:     27
Magic:  26/53      EV: 34    Int:  3    God:    Makhleb [******]
Gold:   0          SH:  0    Dex: 19    Spells: 80/80 levels left

rFire    . . .     SeeInvis .   k - +∞ Axe of Woe
rCold    + . .     Gourm    .   (shield currently unavailable)
rNeg     + + +     Faith    .   a - +0 leather armour
rPois    ∞         Spirit   .   b - +0 helmet
rElec    .         Reflect  .   (no cloak)
rCorr    .         Harm     .   (no gloves)
MR       ++...     NoTele   +   (no boots)
Stlth    +++++++++.             (no amulet)
HPRegen  0.00/turn              l - +30 ring of slaying
MPRegen  0.33/turn              (no ring)

@: rotting
A: rotting body, claws 1, carnivore, cold resistance 1, negative energy
resistance 3, inhibited regeneration, torment resistance, unbreathing
a: Minor Destruction, Lesser Servant of Makhleb, Major Destruction, Greater
Servant of Makhleb, Renounce Religion


You were in the Dungeon.
You worshipped Makhleb.
Makhleb was exalted by your worship.
You were not hungry.

You visited 1 branch

Inventory:

Hand Weapons
 k - the +∞ Axe of Woe (weapon)
   (You found it in the Dungeon)
Missiles
 c - 3 throwing nets (quivered)
Armour
 a - a +0 leather armour (worn)
 b - a +0 helmet (worn)
Jewellery
 l - a +30 ring of slaying (left claw)
Scrolls
 j - a scroll of blinking
Potions
 e - a potion of curing
 f - a potion of heal wounds
 g - a potion of haste
 h - 2 potions of magic
 i - a potion of berserk rage
Comestibles
 d - a ration


   Skills:
 O Level 27 Fighting
 O Level 27 Axes
 O Level 27 Throwing
 O Level 27 Armour
 O Level 27 Dodging
 O Level 27 Stealth
 O Level 27 Unarmed Combat
 O Level 27 Spellcasting
 O Level 27 Invocations


You had 80 spell levels left.
You didn't know any spells.
Your spell library was empty.

Dungeon Overview and Level Annotations

Branches:
Dungeon (1/1)

Altars:
Makhleb


Innate Abilities, Weirdness & Mutations

Your body is rotting away.
You thrive on raw meat.
You are immune to poison.
You have sharp fingernails.
You are carnivorous and can eat meat at any time.
Your flesh is cold resistant. (rC+)
You are immune to negative energy. (rN+++)
You do not regenerate when monsters are visible.
You are immune to unholy pain and torment.
You can survive without breathing.


Message History

Press < or > to pray at altars.
Unknown command.
Press < or > to pray at altars. 3 ogres and a hell beast come into view.
The meat berserker shouts!
The meat beast roars deafeningly!
You hear a shout!
You hear two shouts!
You hear a shout! x3
A meat berserker comes into view. It is wielding a +9 battleaxe.
You hear a shout!
A meat berserker comes into view. It is wielding a +9 battleaxe.
You hear a shout!
The destroyer blinks!
You hear a shout!
A meat berserker comes into view. It is wielding a +9 battleaxe.
You hear a shout!
The destroyer hits you with a +9 great sword of slicing!!!!
The destroyer bites you but does no damage.
You hear a shout!
The destroyer hits you with a +9 great sword of slicing!!!!!
Ouch! That really hurt!
You die...

.... O. .... O.
..... #O. ...#
#.. ...# .
O###.. ...###..
......###2...o..
...oooo_VOO..§O.
....#.V@).#.....
o #_.<._# ...
....#..%..#.....
......._..V.....
......###.......
o###.. ...###..
#.. ...# . #..
...# .. .....


You could see a reaper, 3 destroyers, a large bag of meat (inner flame), 6 meat
berserkers and 5 bags of meat.

Vanquished Creatures
  Sigmund (D)
  A hell beast (D)
  A greater mummy (D)
  3 vampire knights (D)
  13 ogres (D)
  A two-headed ogre (D)
  12 orcs (D)
  A skeletal warrior (D)
33 creatures vanquished.

Notes
Turn   | Place    | Note
-------+----------+-------------------------------------------
     0 | D        | Found the +∞ Axe of Woe
     0 | D        | poirepourri the Ghoul Gladiator began the quest for the Orb.
     0 | D        | Reached XP level 1. HP: 17/17 MP: 0/0
     2 | D        | Noticed a bag of meat
     3 | D        | Noticed a bag of meat
     4 | D        | Noticed a bag of meat
     5 | D        | Became a worshipper of Makhleb the Destroyer
     7 | D        | Noticed a meat berserker
     7 | D        | Noticed a bag of meat
    10 | D        | Killed a meat berserker
    10 | D        | Reached XP level 2. HP: 42/42 MP: 1/1
    10 | D        | Reached XP level 3. HP: 49/49 MP: 2/2
    10 | D        | Reached XP level 4. HP: 57/57 MP: 3/3
    10 | D        | Reached XP level 5. HP: 63/63 MP: 4/4
    10 | D        | Reached XP level 6. HP: 71/71 MP: 5/5
    10 | D        | Reached XP level 7. HP: 78/78 MP: 6/6
    10 | D        | Reached XP level 8. HP: 85/85 MP: 7/7
    10 | D        | Reached XP level 9. HP: 92/92 MP: 8/8
    10 | D        | Reached XP level 10. HP: 100/100 MP: 9/9
    10 | D        | Reached XP level 11. HP: 106/106 MP: 10/10
    10 | D        | Reached XP level 12. HP: 113/113 MP: 11/11
    10 | D        | Reached XP level 13. HP: 119/119 MP: 12/12
    10 | D        | Killed a bag of meat
    10 | D        | Reached * piety under Makhleb
    10 | D        | Reached skill level 5 in Axes
    10 | D        | Reached XP level 14. HP: 132/132 MP: 13/13
    10 | D        | Noticed a bag of meat
    11 | D        | Killed a bag of meat
    13 | D        | Killed a bag of meat
    13 | D        | Reached skill level 15 in Fighting
    13 | D        | Reached XP level 15. HP: 143/143 MP: 14/14
    13 | D        | Noticed a meat berserker
    14 | D        | Noticed a meat berserker
    17 | D        | Killed a meat berserker
    17 | D        | Reached ** piety under Makhleb
    17 | D        | Reached skill level 27 in Unarmed Combat
    17 | D        | Reached XP level 16. HP: 95/155 MP: 15/15
    17 | D        | Reached skill level 1 in Armour
    18 | D        | Reached skill level 15 in Throwing
    19 | D        | Killed a meat berserker
    19 | D        | Reached *** piety under Makhleb
    19 | D        | Reached skill level 27 in Dodging
    19 | D        | Reached XP level 17. HP: 172/172 MP: 16/16
    23 | D        | Noticed a meat berserker
    27 | D        | Noticed a meat berserker
    28 | D        | Killed a meat berserker
    28 | D        | Reached XP level 18. HP: 188/188 MP: 17/17
    28 | D        | Noticed a destroyer
    29 | D        | Killed a meat berserker
    29 | D        | Reached skill level 5 in Armour
    29 | D        | Noticed a meat berserker
    31 | D        | HP: 5/194 [destroyer/+9 great sword of slicing (12)]
    32 | D        | Killed a destroyer
    32 | D        | Reached **** piety under Makhleb
    32 | D        | Reached skill level 27 in Fighting
    32 | D        | Reached XP level 19. HP: 90/207 MP: 18/18
    32 | D        | Noticed a meat berserker
    32 | D        | Noticed a large bag of meat
    33 | D        | Reached skill level 27 in Axes
    34 | D        | Noticed a destroyer
    35 | D        | Killed a meat berserker
    35 | D        | Reached skill level 27 in Throwing
    35 | D        | Reached skill level 10 in Armour
    36 | D        | Killed a meat berserker
    36 | D        | Reached XP level 20. HP: 216/216 MP: 19/19
    39 | D        | Killed a destroyer
    39 | D        | Killed a large bag of meat
    39 | D        | Reached ***** piety under Makhleb
    39 | D        | Reached skill level 27 in Armour
    39 | D        | Reached XP level 21. HP: 184/224 MP: 20/20
    42 | D        | Reached skill level 15 in Stealth
    43 | D        | Noticed a destroyer
    43 | D        | Noticed an accursed
    45 | D        | Noticed a meat berserker
    45 | D        | Noticed a meat berserker
    46 | D        | Killed an accursed
    46 | D        | Reached skill level 27 in Stealth
    46 | D        | Reached XP level 22. HP: 233/233 MP: 20/36
    50 | D        | Reached skill level 27 in Invocations
    54 | D        | Reached XP level 23. HP: 240/240 MP: 22/50
    56 | D        | Reached skill level 27 in Spellcasting
    57 | D        | Noticed The Captor
    58 | D        | Noticed a meat beast
    59 | D        | Killed The Captor
    59 | D        | Reached ****** piety under Makhleb
    59 | D        | Reached XP level 24. HP: 249/249 MP: 24/53
    59 | D        | Reached XP level 25. HP: 257/257 MP: 24/53
    59 | D        | Killed a meat beast
    59 | D        | Reached XP level 26. HP: 266/266 MP: 24/53
    61 | D        | Killed a destroyer
    61 | D        | Reached XP level 27. HP: 273/273 MP: 24/53
    61 | D        | Noticed a destroyer
    62 | D        | Noticed a destroyer
    63 | D        | Noticed a large bag of meat
    64 | D        | Noticed a destroyer
    66 | D        | Noticed a destroyer
    68 | D        | Noticed a meat beast
    68 | D        | Annihilated by a destroyer

Skill      XL: |  1  2  3  4  5  6  7  8  9 10 11 12 13 14 15 16 17 18 19 20 21 22 23 |
---------------+----------------------------------------------------------------------+-----
Fighting       | 12 14 15 17 20 23 27 | 27.0
Axes           | 4 5 8 11 17 20 26 27 | 27.0
Throwing       | 11 13 14 16 18 21 27 | 27.0
Dodging        | 18 20 22 24 27 | 27.0
Unarmed Combat | 21 23 25 27 | 27.0
Armour         | 3 4 6 20 27 | 27.0
Stealth        | 27 | 27.0
Spellcasting   | 11 24 27 | 27.0
Invocations    | 14 27 | 27.0

Action                   |  1- 3 |  4- 6 |  7- 9 | 10-12 | 13-15 | 16-18 | 19-21 | 22-24 | 25-27 || total
-------------------------+-------+-------+-------+-------+-------+-------+-------+-------+-------++-------
Melee: Executioner's axe |     1 |       |       |       |     3 |     5 |     6 |     5 |     6 ||    26
 Stab: Distracted        |       |       |       |       |       |       |     1 |       |       ||     1
Armor: Leather armour    |       |       |       |       |       |       |       |       |     1 ||     1
Dodge: Dodged            |       |       |       |       |       |     2 |     1 |     6 |     4 ||    13
